 Dungeon Crawl Stone Soup version 0.30-a0-845-g7c6808c8ce (webtiles) character file.

Game seed: 14023753406098877403

29 demibob the Stinger (level 3, -1/26 HPs)
             Began as a Demonspawn Wanderer on Mar 3, 2023.
             Was a Follower of Trog.
             Slain by a worm (5 damage)
             ... on level 2 of the Dungeon.
             The game lasted 00:01:55 (1164 turns).

demibob the Stinger (Demonspawn Wanderer)           Turns: 1164, Time: 00:01:55

Health: -1/26      AC:  5    Str:  8    XL:     3   Next: 1%
Magic:  4/4        EV: 12    Int: 13    God:    Trog [*.....]
Gold:   66         SH:  4    Dex: 18    Spells: 3/4 levels left

rFire   . . .      SeeInvis .    a - +0 dagger
rCold   . . .      Faith    .    (no shield)
rNeg    . . .      Spirit   .    e - +0 leather armour
rPois   .          Reflect  .    (no helmet)
rElec   .          Rampage  .    (no cloak)
rCorr   .                        m - +0 pair of gloves
Will    .....                    k - +0 pair of boots
Stlth   ++                       (no amulet)
HPRegen 0.24/turn                (no ring)
MPRegen 0.09/turn                (no ring)

@: no status effects
A: powered by death 1, condensation shield
a: Renounce Religion, Berserk


You were on level 2 of the Dungeon.
You worshipped Trog.
Trog was aware of your devotion.
You visited 1 branch of the dungeon, and saw 2 of its levels.

You collected 66 gold pieces.


Innate Abilities, Weirdness & Mutations

You regenerate a little health from kills.
A meltable shield of frost defends you. (SH +4)


   Skills:
 - Level 1.0 Fighting
 + Level 0.3 Short Blades
 - Level 2.6 Dodging
 - Level 1.0 Stealth
 - Level 1.6 Unarmed Combat
 - Level 1.0 Spellcasting
 - Level 3.5 Poison Magic
 - Level 1.0 Evocations


You had 3 spell levels left.
You knew the following spells:

 Your Spells              Type           Power      Damage    Failure   Level
z - Sting                 Tmut/Pois      20%        1d4       21%         1

Your spell library contained the following spells:

 Spells                   Type           Power      Damage    Failure   Level
 Ignite Poison            Fire/Tmut/Pois 3%         N/A       58%         3

Inventory:

Hand Weapons
 a - a +0 dagger (weapon)
Missiles
 b - 2 throwing nets (quivered) {=f}
Armour
 e - a +0 leather armour (worn)
 k - a +0 pair of boots (worn)
 m - a +0 pair of gloves (worn)
Scrolls
 c - a scroll of teleportation {@r2}
 f - 2 scrolls of identify {unknown}
 g - a scroll of fog {unknown}
 i - a scroll of enchant armour {unknown}
Potions
 d - 2 potions of lignification
 h - a potion of haste {unknown}
 j - 3 potions of curing {unknown}
 l - a potion of ambrosia {unknown}

Dungeon Overview and Level Annotations

Branches:
Dungeon (2/15)

Altars:
Trog

##'# ##...## .
##.....## ..
##.......## .#.
###.........####....
.'.................
#........)........
#.......#w####..
##.....##@#
##...###.# ##'## #.#
#.# #.# #######.#
#.# #.......## #..
#........#####
##.........#####.
.................


You could see a worm.


Message History

You are too injured to fight recklessly!
You are too injured to fight recklessly!
You are too injured to fight recklessly!
You are too injured to fight recklessly!
You are too injured to fight recklessly!
You are too injured to fight recklessly!
You are too injured to fight recklessly!
You are too injured to fight recklessly!
The frilled lizard attacks as you move away!
The frilled lizard barely misses you.
You hit the frilled lizard.
You kill the frilled lizard!
Trog accepts your kill. The worm bites you but does no damage.
You barely miss the worm.
The worm is heavily wounded.
You hit the worm but do no damage.
The worm is heavily wounded.
The worm bites you!
* * * LOW HITPOINT WARNING * * *
You hit the worm.
The worm is heavily wounded.
You hit the worm. You punch the worm.
The worm is almost dead.
The worm bites you.
* * * LOW HITPOINT WARNING * * *
You hit the worm but do no damage.
The worm is severely wounded.
The worm bites you.
You die...

Skill      XL: |  1 |
---------------+----+-----
Unarmed Combat | 1 |  1.6
Fighting       | |  1.0
Short Blades   | |  0.3
Dodging        | |  2.6
Stealth        | |  1.0
Spellcasting   | |  1.0
Poison Magic   | |  3.5
Evocations     | |  1.0

Action                     || total
---------------------------++-------
  Melee: Dagger            ||   195
         Punch             ||     2
   Stab: Sleeping          ||     1
 Armour: Leather armour    ||    61
  Dodge: Dodged            ||   133
  Block: Other             ||     1

Levels and vault maps discovered:
D:1:      psy_arrival_dodecagon, layout_rooms,
          hellmonk_ecumenical_altar_prayer_group, grunt_decor_junction,
          hangedman_decor_clover_reticule, chequers_garden, bh_walls_and_bars
D:2:      layout_loops_corners

Notes
Turn   | Place    | Note
-------+----------+-------------------------------------------
     0 | D:1      | demibob the Demonspawn Wanderer began the quest for the
                  | Orb.
     0 | D:1      | demibob set off with the following items: a +0 dagger, 2
                  | throwing nets {=f}, a scroll of teleportation {@r2}, a
                  | potion of lignification, a +0 leather armour; and the
                  | following spell memorised: Sting; and the following spells
                  | available to memorise: Ignite Poison.
     0 | D:1      | Reached XP level 1. HP: 15/15 MP: 2/2
   178 | D:1      | Reached skill level 1 in Unarmed Combat
   233 | D:1      | Gained mutation: You regenerate a little health from kills.
                  | [demonic ancestry]
   233 | D:1      | Reached XP level 2. HP: 19/21 MP: 3/3
   795 | D:1      | Found a faded altar of an unknown god.
   819 | D:1      | Prayed at the altar of an unknown god.
   819 | D:1      | Became a worshipper of Trog the Wrathful
   819 | D:1      | Reached * piety under Trog
  1023 | D:2      | Gained mutation: A meltable shield of frost defends you.
                  | (SH +4) [demonic ancestry]
  1023 | D:2      | Reached XP level 3. HP: 26/26 MP: 4/4
  1164 | D:2      | Slain by a worm

Vanquished Creatures
  4 bats (D:1)
  An endoplasm (D:1)
  A giant cockroach (D:1)
  5 goblins
  4 hobgoblins (D:1)
  2 quokkas (D:1)
  3 ball pythons (D:1)
  A frilled lizard (D:2)
  5 kobolds (D:1)
26 creatures vanquished.

Table legend: (Time is in decaauts)
 A = Elapsed time spent in this place.
 B = Non-inter-level travel time spent in this place.
 C = Inter-level travel time spent in this place.
 D = Time resting spent in this place.
 E = Time spent auto-exploring this place.
 F = Levels seen in this place.
 G = Mean time per level.
                   A        B        C        D        E       F      G
               +--------+--------+--------+--------+--------+-----+--------+
         Total |   1163 |   1153 |     10 |     23 |    805 |   2 |  581.5 |
       Dungeon |   1163 |   1153 |     10 |     23 |    805 |   2 |  581.5 |
               +--------+--------+--------+--------+--------+-----+--------+

Top non-repeatable levels by time:
     D:1: 922 daAuts
     D:2: 241 daAuts

Table legend:
 A = Non-vault XP
 B = Vault XP
 C = Vault XP percentage of total XP
 D = Non-vault monster count
 E = Vault monster count
 F = Vault count percentage of total count
                 A         B        C        D         E       F
            +---------+---------+-------+---------+---------+-------
      Total |      40 |       2 |   4.8 |      24 |       2 |   7.7
            +---------+---------+-------+---------+---------+-------
        D:1 |      34 |       2 |   5.6 |      20 |       2 |   9.1
        D:2 |       6 |       0 |   0.0 |       4 |       0 |   0.0
            +---------+---------+-------+---------+---------+-------
